 Dungeon Crawl Stone Soup version 0.17-a0-1-g1f4be75 (webtiles) character file.

8148 asthiss the Bludgeoner (level 11, -10/94 HPs)
             Began as a Minotaur Berserker on Mar 11, 2015.
             Was a High Priest of Trog.
             Killed from afar by an orc wizard (12 damage)
             ... with a puff of flame
             ... on level 10 of the Dungeon on Mar 12, 2015.
             The game lasted 01:56:47 (11635 turns).

asthiss the Bludgeoner (Minotaur Berserker)        Turns: 11635, Time: 01:56:52

Health: -10/94     AC: 12    Str: 24    XL:     11   Next: 6%
Magic:  0/1        EV: 12    Int:  4    God:    Trog [*****.]
Gold:   370        SH:  0    Dex: 11    Spells: 0 memorised, 10 levels left

rFire  . . .     SeeInvis .     R - +1 flail (antimagic)
rCold  + . .     Clarity  .     d - +5 scale mail {rC+}
rNeg   . . .     SustAb   .     (no shield)
rPois  .         Gourm    .     (helmet restricted)
rElec  .         Spirit   +     (no cloak)
rCorr  .         Warding  .     (no gloves)
rMut   .         Stasis   .     F - +0 pair of boots
MR     .....                    j - amulet of guardian spirit
Stlth  ..........               (no ring)
                                (no ring)

@: confused, lethally poisoned (-10 -> -11), exhausted, about to teleport,
slowed, very slow, not resistant to hostile enchantments, extremely unstealthy
A: retaliatory headbutt, horns 2
a: Burn Spellbooks, Berserk, Trog's Hand, Brothers in Arms, Renounce Religion


You were on level 10 of the Dungeon.
You worshipped Trog.
Trog was extremely pleased with you.
You were not hungry.

You visited 2 branches of the dungeon, and saw 11 of its levels.

You collected 508 gold pieces.
You spent 138 gold pieces at shops.

Inventory:

Hand weapons
 h - a +4 quarterstaff of chaos
 u - a +0 short sword
 A - a +1 whip of venom
 D - a +3 hand crossbow of flaming
 E - a +1 flail of holy wrath
 H - a +1 flail of protection
 R - a +1 antimagic flail (weapon)
Missiles
 k - 11 poisoned needles
 O - 10 arrows of flame (quivered)
Armour
 d - a +5 scale mail of cold resistance (worn)
 r - a +3 leather armour of cold resistance
 F - a +0 pair of boots (worn)
Jewellery
 j - an amulet of guardian spirit (around neck)
 G - a +2 ring of protection {unknown}
Magical devices
 b - a wand of digging (14)
 c - a wand of random effects (22)
 s - a wand of disintegration (15)
 t - a wand of magic darts (21)
 z - a wand of fire (11)
Scrolls
 a - 7 scrolls of remove curse
 n - 3 scrolls of blinking
 o - a scroll of amnesia {unknown}
 v - 2 scrolls of teleportation
 w - 2 scrolls of immolation
 x - a scroll of fog
 Q - a scroll of vulnerability
Potions
 e - 3 potions of might
 f - 3 potions of berserk rage {unknown}
 m - a potion of brilliance
 p - 8 potions of curing
 B - a potion of cancellation {unknown}
 C - a potion of invisibility {unknown}
 I - a potion of flight {unknown}
 J - a potion of haste {unknown}
 N - 2 potions of restore abilities {unknown}
Comestibles
 g - 2 bread rations
 i - a slice of pizza
 l - 13 fruits
 q - 4 meat rations
 K - 9 royal jellies
 L - 4 beef jerkies


   Skills:
 + Level 8.1 Fighting
 * Level 15.7 Maces & Flails
 - Level 2.8 Armour
 + Level 6.4 Dodging
   Level 4.2 Shields
 - Level 5.0 Unarmed Combat


You had 10 spell levels left.
You didn't know any spells.

Dungeon Overview and Level Annotations

Branches:
Dungeon (10/15)            Temple (1/1) D:5
   Lair: D:8-11         Orc: D:9-12

Altars:
Ashenzari
Cheibriados
Dithmenos
Elyvilon
Fedhas
Gozag
Kikubaaqudgha
Makhleb
Nemelex Xobeh
Okawaru
Qazlal
Ru
Sif Muna
Trog
Vehumet
Xom
Yredelemnul
Zin
The Shining One

Shops:
D:4 *   D:7 [

Annotations:
D:3 Natasha


Innate Abilities, Weirdness & Mutations

You reflexively headbutt those who attack you in melee.
You have a pair of horns on your head.


Message History

You feel less confused. Something hits you but does no damage.
Something barely misses you.
The orc priest mumbles some strange prayers to Beogh against you.
Something smites you!
* * * LOW HITPOINT WARNING * * *
Read which item? (? for menu, Esc to quit)
As you read the scroll of teleportation, it crumbles to dust.
You feel strangely unstable. Something hits you.
* * * LOW HITPOINT WARNING * * *
You hear some strange, mumbled words.
The magic dart hits you!
The orc wizard points at you and mumbles some strange words.
You are confused.
The orc priest calls down the wrath of Beogh upon you.
Something smites you!
* * * LOW HITPOINT WARNING * * *
The orc misses you. Something hits you but does no damage.
The orc wizard casts a spell at you. The puff of flame hits you!
You die...

...#......... ###+#####
....#.......... ##>......#
o.............. ..........
........................
#{..o.................
###o# ####+##.......#
##.)o####....##..<....#
#...o..................
##..(.o@................
..........................
..####...###.....##.......#
#...###.....##.......#
.............'.........
......(......##.......#
.............##.......#
............+.......#
..##.....##.......#


You could see an orc priest, an orc wizard and 2 orcs.

Vanquished Creatures
  The ghost of vatarom the Grappler, an experienced NaTm of Cheibriados (D:9)
  The ghost of ZiggyStardust the Thaumaturge, an experienced SpIE (D:7)
  Psyche (D:8)
  Prince Ribbit (D:5)
  A deep elf mage (D:10)
  A wyvern (D:10)
  2 hippogriffs
  The ghost of vatarom the Changer, an average NaTm (D:3)
  A hungry ghost (D:9)
  Eustachio (D:5)
  10 yaks
  A warg (D:10)
  2 soldier ants (D:8)
  2 orc warriors
  A water moccasin (D:7)
  A sky beast (D:9)
  A phantom (D:7)
  2 ice beasts (D:8)
  4 black bears
  5 ogres
  A brain worm (D:8)
  3 giant frogs
  A big kobold (D:7)
  Blork the orc (D:4)
  A gnoll sergeant (D:8)
  6 killer bees (D:10)
  3 wights (D:10)
  A centaur zombie (D:9)
  2 goliath beetles (D:6)
  5 crimson imps
  A giant frog zombie (D:7)
  A jelly (D:6)
  Crazy Yiuf (D:3)
  7 orc priests
  A quasit (D:10)
  A giant frog skeleton (D:7)
  7 hounds
  8 worker ants
  Natasha (D:3)
  8 orc wizards
  2 iguanas
  A hound skeleton (D:5)
  A hound zombie (D:8)
  A worker ant zombie (D:5)
  8 gnolls
  10 adders
  A shadow imp (D:6)
  2 white imps (D:3)
  5 worms
  An adder zombie (D:5)
  An adder skeleton (D:7)
  2 oozes
  26 orcs
  9 ball pythons
  15 bats
  A bat skeleton (D:4)
  4 giant cockroaches
  13 hobgoblins
  19 kobolds
  6 quokkas
  7 giant geckos
  5 giant newts
  11 goblins
  14 jackals
  7 rats
  2 fungi (D:1)
274 creatures vanquished.

Notes
Turn   | Place    | Note
--------------------------------------------------------------
     0 | D:1      | asthiss, the Minotaur Berserker, began the quest for the Orb.
     0 | D:1      | Reached XP level 1. HP: 19/19 MP: 1/1
   458 | D:1      | Reached skill level 4 in Fighting
   762 | D:1      | Reached XP level 2. HP: 27/27 MP: 1/1
  1152 | D:1      | You fall through a shaft!
  1164 | D:2      | Acquired Trog's second power
  1187 | D:2      | Reached XP level 3. HP: 30/34 MP: 2/2
  1313 | D:2      | Found a sparkling altar of Nemelex Xobeh.
  1313 | D:2      | Found a bloodstained altar of Trog.
  1402 | D:3      | Noticed an ogre
  1420 | D:3      | Killed an ogre
  1420 | D:3      | Reached skill level 5 in Fighting
  1420 | D:3      | Reached XP level 4. HP: 42/42 MP: 2/2
  1498 | D:3      | Noticed vatarom's ghost (average NaTm)
  1531 | D:3      | Killed vatarom's ghost
  1531 | D:3      | Reached skill level 5 in Unarmed Combat
  1531 | D:3      | Reached XP level 5. HP: 50/50 MP: 2/2
  1531 | D:3      | Reached XP level 6. HP: 57/57 MP: 3/3
  1733 | D:3      | Reached skill level 1 in Maces & Flails
  1847 | D:3      | Noticed Natasha
  1852 | D:3      | Killed Natasha
  2342 | D:3      | Noticed Natasha
  2384 | D:3      | Found a deep blue altar of Sif Muna.
  2683 | D:3      | Noticed Crazy Yiuf
  2690 | D:3      | Killed Crazy Yiuf
  2766 | D:4      | Found Riorch's Assorted Antiques.
  2784 | D:4      | Bought 3 scrolls of identify for 138 gold pieces
  2902 | D:4      | Noticed Blork the orc
  2913 | D:4      | Killed Blork the orc
  2913 | D:4      | Reached XP level 7. HP: 55/62 MP: 3/3
  2989 | D:4      | Acquired Trog's third power
  3091 | D:4      | Reached skill level 5 in Maces & Flails
  3529 | D:4      | Found a blossoming altar of Fedhas.
  3599 | D:4      | Found a glowing golden altar of the Shining One.
  3742 | D:5      | Entered Level 5 of the Dungeon
  3946 | D:5      | Found a staircase to the Ecumenical Temple.
  3963 | Temple   | Entered the Ecumenical Temple
  4225 | D:5      | Noticed Prince Ribbit
  4255 | D:5      | Killed Prince Ribbit
  4255 | D:5      | Reached skill level 7 in Maces & Flails
  4446 | D:5      | Noticed Eustachio
  4454 | D:5      | Killed Eustachio
  4454 | D:5      | Reached skill level 8 in Maces & Flails
  4454 | D:5      | Reached XP level 8. HP: 70/70 MP: 3/3
  4645 | D:5      | Found an opulent altar of Gozag.
  4704 | D:5      | Reached skill level 9 in Maces & Flails
  4960 | D:5      | Reached skill level 10 in Maces & Flails
  5336 | D:6      | Reached skill level 11 in Maces & Flails
  6313 | D:6      | Reached XP level 9. HP: 33/75 MP: 2/4
  7337 | D:7      | Found Wudghaomm's Antique Armour Shoppe.
  7347 | D:7      | Noticed ZiggyStardust's ghost (experienced SpIE)
  7369 | D:7      | Killed ZiggyStardust's ghost
  7369 | D:7      | Reached skill level 12 in Maces & Flails
  7479 | D:7      | Reached skill level 13 in Maces & Flails
  7653 | D:7      | Found an ancient bone altar of Kikubaaqudgha.
  7956 | D:7      | Found an iron altar of Okawaru.
  7956 | D:7      | Found a white marble altar of Elyvilon.
  7957 | D:7      | Found a glowing golden altar of the Shining One.
  8341 | D:8      | Received a gift from Trog
  8347 | D:8      | Reached skill level 14 in Maces & Flails
  8433 | D:8      | Noticed Psyche
  8452 | D:8      | Killed Psyche
  8452 | D:8      | Reached skill level 1 in Shields
  8458 | D:8      | Reached XP level 10. HP: 83/83 MP: 4/4
 10033 | D:8      | Reached skill level 5 in Dodging
 10503 | D:9      | Noticed vatarom's ghost (experienced NaTm)
 10540 | D:9      | Killed vatarom's ghost
 10540 | D:9      | Reached skill level 15 in Maces & Flails
 10922 | D:10     | Entered Level 10 of the Dungeon
 10944 | D:10     | Received a gift from Trog
 11595 | D:10     | Reached XP level 11. HP: 94/94 MP: 1/4
 11635 | D:10     | HP: 2/94 [orc priest/divine providence (13)]
 11635 | D:10     | Killed from afar by an orc wizard

Action                   |  1- 3 |  4- 6 |  7- 9 | 10-12 || total
-------------------------+-------+-------+-------+-------++-------
Melee: Unarmed           |    79 |    15 |       |       ||    94
       Whip              |       |   115 |   435 |   210 ||   760
       Flail             |       |       |       |    72 ||    72
Invok: Berserk           |     4 |     3 |     5 |     5 ||    17
Evoke: Wand              |       |       |     1 |       ||     1
  Use: Scroll            |       |    13 |     6 |     3 ||    22
  Eat: Chunk             |     1 |     2 |     1 |       ||     4
       Bread ration      |     1 |       |     2 |     1 ||     4
       Meat ration       |       |     1 |     2 |     2 ||     5
       Fruit             |       |       |     2 |     5 ||     7
